Map: Blackpink LE

Players

Optimus

  • Race: Terran Terran
  • Spawn Location: 7:00

Cyan - Winner!

  • Race: Protoss Protoss
  • Spawn Location: 1:00

Event: WCS Leipzig 2018

VOD

Have the link to the VOD?

Description

Time

  • Played on: Jan. 26, 2018, 10:46 a.m.
  • Length: 8:57

All games in this series

Show
View Real Time Build Order
Export as new Build Order

Optimus Terran 

Build Orders: MMM Bio 

Get SALT Encoding   

  12  0:01  SCV  
  13  0:13  SCV  
  14  0:17  Supply Depot  
  14  0:25  SCV  
  15  0:30  Refinery  
  15  0:39  SCV  
  16  0:45  Barracks  
  16  0:51  SCV  
  17  1:03  SCV  
  18  1:15  SCV  
  20  1:33  Reaper  
  20  1:34  Orbital Command  
  20  1:48  Command Center  
  20  1:55  Factory  
  20  2:00  SCV  
  21  2:06  Barracks Reactor  
  21  2:12  SCV  
  21  2:15  Supply Depot  
  22  2:19  Refinery  
  22  2:24  SCV  
  24  2:37  SCV  
  24  2:43  Starport, Marine x2  
  26  2:49  SCV  
  27  3:01  SCV, Widow Mine, Marine  
  27  3:03  Marine  
  32  3:09  Orbital Command  
  31  3:13  SCV  
  31  3:19  Marine  
  33  3:21  Marine  
  33  3:24  Medivac  
  33  3:25  SCV  
  33  3:26  Widow Mine  
  38  3:37  SCV x2, Marine  
  38  3:39  Marine  
  38  3:40  Supply Depot  
  42  3:48  Widow Mine  
  44  3:49  SCV  
  44  3:50  SCV  
  46  4:01  SCV, Viking  
  46  4:02  SCV  
  50  4:03  Barracks Tech Lab  
  50  4:14  SCV x2  
  52  4:17  Supply Depot  
  52  4:19  Barracks  
  52  4:21  Barracks, Stimpack  
  52  4:22  Marine  
  53  4:26  SCV  
  54  4:31  Engineering Bay  
  54  4:38  Factory Tech Lab, Starport Reactor  
  54  4:40  Supply Depot, Marine  
  54  4:42  SCV  
  54  4:44  SCV  
  54  4:54  SCV  
  54  4:56  SCV  
  45  5:06  SCV, Marauder  
  45  5:07  Siege Tank  
  50  5:08  SCV  
  50  5:09  Barracks Tech Lab  
  50  5:12  Terran Infantry Weapons Level 1  
  51  5:18  SCV, Supply Depot  
  51  5:20  SCV  
  52  5:31  Marine x2  
  52  5:32  SCV x2  
  54  5:38  Marauder x2, Combat Shields  
  51  5:50  Marine x2  
  51  5:53  Siege Tank  
  56  5:59  Barracks  
  56  6:00  Barracks  
  56  6:02  SCV  
  57  6:04  SCV  
  57  6:13  Refinery  
  57  6:14  SCV, Marine x2  
  63  6:18  Marauder x2  
  63  6:24  Concussive Shells  
  63  6:25  Supply Depot  
  63  6:33  Marine x2  
  63  6:34  Siege Tank  
  63  6:38  SCV  
  69  6:47  Supply Depot  
  69  6:51  Refinery  
  69  6:53  Marine x2  
  70  6:55  SCV x2  
  70  6:57  Supply Depot, Barracks Tech Lab  
  70  6:58  Barracks Tech Lab  
  72  7:03  Supply Depot  
  72  7:06  Medivac x2  
  72  7:07  SCV x2  
  78  7:11  Marauder  
  78  7:12  Marauder  
  82  7:16  Marine x2  
  84  7:23  SCV  
  84  7:24  Siege Tank  
  88  7:30  Supply Depot  
  88  7:33  Marine x2  
  88  7:35  Marauder  
  92  7:44  Medivac  
  92  7:45  Medivac  
  96  7:52  Marauder x2, Marine x2  
  102  7:59  Supply Depot  
  102  8:04  Marauder  
  102  8:05  Marauder  
  106  8:10  Marine x2  
  108  8:18  Marauder x2  
  112  8:26  Marauder  
  114  8:28  Marine x2  
  121  8:34  Marauder  
Show
View Real Time Build Order
Export as new Build Order

Cyan Protoss - Winner!

Build Orders: 1 Gate Expand, Oracle Opening 

Get SALT Encoding   

  12  0:00  Probe  
  13  0:12  Probe  
  14  0:18  Pylon  
  14  0:25  Probe  
  15  0:37  Probe (Chrono Boost)  
  15  0:38  Gateway  
  16  0:46  Probe (Chrono Boost)  
  16  0:47  Assimilator  
  17  0:51  Probe (Chrono Boost)  
  18  1:03  Probe  
  19  1:15  Probe  
  20  1:24  Nexus  
  20  1:35  Cybernetics Core  
  20  1:37  Probe  
  21  1:43  Assimilator  
  21  1:49  Probe  
  21  1:53  Pylon  
  22  2:01  Probe  
  23  2:10  Adept (Chrono Boost)  
  23  2:13  Probe  
  26  2:17  Stargate  
  26  2:25  Probe, Warp Gate  
  26  2:29  Adept  
  30  2:37  Probe x2 (Chrono Boost)  
  31  2:49  Probe (Chrono Boost)  
  31  2:50  Probe (Chrono Boost)  
  33  2:58  Probe x2 (Chrono Boost)  
  35  3:02  Oracle  
  35  3:03  Probe  
  35  3:04  Probe  
  40  3:15  Probe  
  40  3:16  Probe  
  42  3:23  Gateway  
  42  3:25  Gateway  
  42  3:27  Probe  
  42  3:28  Pylon  
  42  3:29  Probe  
  44  3:35  Adept  
  46  3:46  Probe x2, Oracle  
  51  3:48  Pylon  
  51  3:53  Pylon  
  51  3:58  Probe x2  
  53  4:11  Probe x2  
  53  4:15  Nexus  
  55  4:23  Probe, Phoenix  
  58  4:29  Stalker x2  
  63  4:31  Stalker  
  63  4:35  Probe  
  63  4:36  Pylon  
  63  4:37  Probe  
  66  4:47  Probe  
  66  4:48  Phoenix  
  60  5:03  Stalker  
  60  5:04  Probe  
  60  5:06  Probe  
  64  5:11  Stalker  
  64  5:13  Phoenix  
  68  5:16  Probe  
  68  5:18  Probe  
  68  5:21  Assimilator  
  70  5:32  Stalker  
  70  5:33  Probe, Zealot  
  73  5:36  Probe  
  73  5:37  Stalker  
  73  5:42  Probe, Assimilator  
  77  5:45  Probe, Pylon  
  77  5:48  Probe  
  79  5:53  Pylon  
  79  5:54  Probe  
  80  5:57  Probe, Twilight Council  
  80  5:59  Forge  
  80  6:00  Probe, Pylon  
  82  6:06  Probe  
  82  6:10  Probe  
  84  6:12  Probe  
  84  6:13  Phoenix  
  84  6:16  Gateway  
  84  6:18  Probe  
  88  6:19  Gateway  
  88  6:20  Gateway, Sentry  
  88  6:22  Probe  
  88  6:24  Probe, Gateway  
  92  6:29  Gateway  
  92  6:30  Probe  
  93  6:34  Probe  
  93  6:36  Pylon  
  93  6:37  Pylon  
  93  6:38  Phoenix  
  96  6:43  Protoss Ground Weapons Level 1 (Chrono Boost)  
  96  6:46  Sentry  
  96  6:47  Adept  
  98  6:55  Shield Battery, Resonating Glaives (Chrono Boost)  
  98  6:57  Pylon  
  98  7:00  Pylon  
  98  7:03  Phoenix  
  98  7:05  Assimilator  
  100  7:10  Pylon  
  100  7:13  Probe  
  101  7:20  Adept x2  
  105  7:24  Photon Cannon  
  105  7:26  Photon Cannon  
  105  7:27  Adept x4  
  105  7:28  Phoenix  
  115  7:40  Pylon  
  115  7:49  Adept x5  
  115  7:50  Adept x3  
  115  7:51  Pylon  
  131  7:56  Pylon  
  131  7:57  Phoenix  
  131  8:04  Robotics Facility  
  131  8:07  Pylon  
  131  8:12  Adept x2  
  133  8:13  Adept x2  
  133  8:14  Adept x4  
  147  8:22  Phoenix  
  149  8:35  Adept x7  
  157  8:53  Adept  
Tags
 
Add a new tag
Caveats
  • Supply blocks, unpowered buildings, or Contaminate may cause inaccurate times.
  • Supply counts are checked every 10 seconds.